 Dungeon Crawl Stone Soup version 0.19.0-24-gb05acd6 (webtiles) character file.

3229 equalderp2856 the Gouger (level 9, 0/39 HPs)
             Began as a Felid Fighter on Nov 23, 2016.
             Slain by a hill giant
             ... wielding a +0 giant club
              (39 damage)
             ... on level 14 of the Dungeon.
             The game lasted 00:51:40 (15257 turns).

equalderp2856 the Gouger (Felid Fighter)           Turns: 15257, Time: 00:51:41

Health: 0/39       AC:  2    Str: 13    XL:     9   Next: 66%
Magic:  10/10      EV: 25    Int: 10    God:
Gold:   571        SH:  0    Dex: 17    Spells: 0 memorised, 8 levels left
                                        Lives:  0   Deaths: 2

rFire  . . .     SeeInvis +       - Unarmed
rCold  . . .     Gourm    .     (armour unavailable)
rNeg   . . .     Faith    .     (shield unavailable)
rPois  .         Spirit   .     (helmet unavailable)
rElec  .         Reflect  .     (cloak unavailable)
rCorr  +         Harm     .     (gloves unavailable)
MR     ++...                    (boots unavailable)
Stlth  +++++.....               (no amulet)
                                l - ring of resist corrosion
                                g - ring of protection from magic

@: quick
A: no armour, no weapons or thrown items, stealth, claws 1, fangs 3, see
invisible, carnivore 3, speed 1, shaggy fur 2, slow metabolism 1, sharp paws
a: no special abilities


You were on level 14 of the Dungeon.
You were very full.

You visited 1 branch of the dungeon, and saw 12 of its levels.
You also visited: Ossuary.

You collected 571 gold pieces.

Inventory:

Missiles
 u - 84 arrows
Jewellery
 e - an uncursed amulet of inaccuracy
 g - a ring of protection from magic (left paw)
 h - an uncursed ring of wizardry
 k - an uncursed ring of wizardry
 l - a ring of resist corrosion (right paw)
 I - an uncursed ring of resist corrosion
 N - the amulet "Varhog" {Gourm rElec Str+4 Dex+4, unknown}
   (You found it on level 14 of the Dungeon)

   [amulet of the gourmand]

   It allows you to eat raw meat even when not hungry.
   It affects your strength (+4).
   It affects your dexterity (+4).
   It insulates you from electricity.
 Q - an uncursed amulet of magic regeneration {unknown}
Wands
 y - a wand of acid (11/15)
 J - a wand of lightning (2/15)
Scrolls
 m - 7 scrolls of identify
 p - 2 scrolls of noise
 r - 4 scrolls of remove curse
 s - a scroll of random uselessness {unknown}
 t - a scroll of enchant weapon {unknown}
 v - a scroll of silence {unknown}
 x - 3 scrolls of immolation
 A - 2 scrolls of fear {unknown}
 F - 4 scrolls of amnesia {unknown}
 L - a scroll of acquirement {unknown}
 M - a scroll of brand weapon {unknown}
 O - a scroll of holy word {unknown}
 P - a scroll of vulnerability {unknown}
Potions
 a - 4 potions of might
 c - 4 potions of agility
 d - a potion of degeneration {unknown}
 i - 2 potions of cancellation
 j - 2 potions of invisibility {unknown}
 o - a potion of haste {unknown}
 q - a potion of heal wounds
 w - a potion of lignification {unknown}
 z - 2 potions of mutation {unknown}
 B - 4 potions of brilliance {unknown}
 D - 2 potions of magic {unknown}
 E - a potion of flight {unknown}
 K - a potion of cure mutation {unknown}
Comestibles
 b - 2 meat rations
 f - a slice of pizza
 n - 2 beef jerkies
 C - a royal jelly
 G - 5 bread rations
 H - 7 fruits


   Skills:
 + Level 4.4 Fighting
 + Level 9.2 Dodging
 + Level 9.6 Stealth
 + Level 12.3 Unarmed Combat
 + Level 0.2 Evocations


You had 8 spell levels left.
You didn't know any spells.

Dungeon Overview and Level Annotations

Branches:
Dungeon (14/15)            Temple (0/1) D:7
   Lair: D:8-11         Orc: D:9-12      Vaults: D:13-14

Altars:
Ashenzari
Fedhas
Gozag
Hepliaklqana
Nemelex Xobeh
Okawaru
Trog
Xom
The Shining One

Annotations:
D:5 Haldmier's ghost, novice TrTm


Innate Abilities, Weirdness & Mutations

You cannot wear armour.
You are incapable of wielding weapons or throwing items.
Your paws allow you to move quietly. (Stealth)
You have sharp claws.
You have razor-sharp teeth.
You have supernaturally acute eyesight. (SInv)
You are carnivorous and can eat meat at any time.
You cover ground quickly.
You are covered in thick fur. (AC +2)
You have a slow metabolism.
Your sharp claws are effective at attacking unaware monsters.


Message History

You close the door.
There is a stone staircase leading down here.
You climb downwards.
Found a stone staircase leading up.
There is a stone staircase leading up here.
Found 15 gold pieces.
Found a dented brass amulet.
There is a stone staircase leading up here.
You now have 571 gold pieces (gained 15).
N - a pitted amethyst amulet
Q - a dented brass amulet A hill giant comes into view.
It is wielding a giant club.
Found a troll leather armour.
Found a stone staircase leading down.
You pounce on the unaware helpless hill giant!
You eviscerate the hill giant!!! You bite the hill giant.
The hill giant is almost dead.
The hill giant hits you with a giant club!!!
Ouch! That really hurt!
You die...

##### #...
####.#########
#####<...#.......#
......#..#.#..##.####
####.<#.#.#.#.#.#.#.#.#
#.#..............>..
#.##.#.#.#.#.#C#.#.#.
#.#..........@.......
...#.#.#.#.#.#.#.#.#.
.#......##..###..
#...####.##..# .## ##.#
#.##..# # #. #. #.[# ..
...# .....


You could see a hill giant.

Vanquished Creatures
  2 ugly things
  A hornet (D:13)
  Prince Ribbit (D:6)
  5 yaks (D:11)
  2 hungry ghosts
  A soldier ant (D:11)
  2 water moccasins
  An orc warrior (D:11)
  A sky beast (D:6)
  5 ogres
  A black bear (D:7)
  A centaur (D:12)
  A big kobold (D:11)
  4 bullfrogs
  11 scorpions
  3 crimson imps
  A bullfrog zombie (D:5)
  A centaur zombie (Ossuary)
  A jelly (D:6)
  2 human zombies (Ossuary)
  6 hounds
  3 orc priests
  2 iguanas
  Terence (D:3)
  8 orc wizards
  5 worker ants
  3 big kobold zombies (Ossuary)
  A hound zombie (D:5)
  4 mummies
  A hound skeleton (D:4)
  2 worker ant zombies
  5 adders
  3 gnolls (D:4)
  7 scorpion zombies (Ossuary)
  3 shadow imps
  An ooze (D:3)
  An adder zombie (D:5)
  2 worms
  A dart slug (D:1)
  5 leopard geckos
  28 orcs
  A ball python (D:5)
  8 giant cockroaches
  4 gnoll zombies (Ossuary)
  3 goblins
  3 hobgoblins
  6 jackals
  3 quokkas
  6 bats
  4 frilled lizards
  2 jackal zombies (D:7)
  6 kobolds
  A kobold zombie (Ossuary)
  5 orc zombies (Ossuary)
  2 quokka skeletons
  9 rats
202 creatures vanquished.

Vanquished Creatures (others)
  A centaur zombie (Ossuary)
  5 fungi (D:7)
6 creatures vanquished.

Grand Total: 208 creatures vanquished

Notes
Turn   | Place    | Note
-------+----------+-------------------------------------------
     0 | D:1      | equalderp2856 the Felid Fighter began the quest for the Orb.
     0 | D:1      | Reached XP level 1. HP: 10/10 MP: 2/2
   211 | D:1      | Reached XP level 2. HP: 10/14 MP: 3/3
   999 | D:2      | Reached XP level 3. HP: 16/17 MP: 4/4
  1013 | D:2      | Reached skill level 1 in Stealth
  1890 | D:3      | Reached skill level 5 in Unarmed Combat
  2278 | D:3      | Noticed Terence
  2319 | D:3      | Reached XP level 4. HP: 21/21 MP: 5/5
  2507 | D:4      | Found a sand-covered staircase.
  2688 | Ossuary  | Entered an ossuary
  2717 | Ossuary  | Reached XP level 5. HP: 24/24 MP: 6/6
  2883 | Ossuary  | Reached skill level 6 in Unarmed Combat
  2898 | Ossuary  | Reached skill level 5 in Dodging
  3046 | Ossuary  | Gained mutation: You are covered in thick fur. (AC +2) [Felid growth]
  3046 | Ossuary  | Reached XP level 6. HP: 7/28 MP: 7/7
  4389 | Ossuary  | Reached skill level 7 in Unarmed Combat
  4508 | Ossuary  | Reached XP level 7. HP: 25/31 MP: 8/8
  5287 | Ossuary  | Reached skill level 8 in Unarmed Combat
  5602 | D:4      | Found a shattered altar of Ashenzari.
  6402 | D:4      | Reached skill level 5 in Stealth
  6670 | D:5      | Entered Level 5 of the Dungeon
  6687 | D:5      | Reached XP level 8. HP: 36/36 MP: 9/9
  6800 | D:5      | Noticed Haldmier's ghost (novice TrTm)
  7176 | D:3      | Killed Terence
  7405 | D:3      | Found a faded altar of an unknown god.
  7690 | D:3      | Found a bloodstained altar of Trog.
  8590 | D:5      | Reached skill level 9 in Unarmed Combat
  9342 | D:4      | Found a shimmering altar of Xom.
 10582 | D:6      | Found a glowing golden altar of the Shining One.
 10627 | D:6      | Found a shimmering altar of Xom.
 10629 | D:6      | Found a hazy altar of Hepliaklqana.
 10630 | D:6      | Noticed a spectral ugly thing
 10762 | D:6      | Found an opulent altar of Gozag.
 10859 | D:6      | Found a sparkling altar of Nemelex Xobeh.
 10948 | D:7      | Found a sparkling altar of Nemelex Xobeh.
 10965 | D:7      | Reached XP level 9. HP: 32/39 MP: 10/10
 11024 | D:7      | Found a staircase to the Ecumenical Temple.
 11055 | D:7      | Noticed Prince Ribbit
 11137 | D:6      | Reached skill level 10 in Unarmed Combat
 11450 | D:7      | Found a blossoming altar of Fedhas.
 11784 | D:6      | Killed Prince Ribbit
 11850 | D:7      | Found an iron altar of Okawaru.
 12794 | D:6      | Slain by a sky beast
 12795 | D:6      | Reached XP level 8. HP: -2/36 MP: 9/9
 13001 | D:8      | You fall through a shaft for 3 floors!
 13021 | D:11     | Slain by a yak
 13022 | D:11     | Reached XP level 7. HP: -5/32 MP: 8/8
 13485 | D:11     | Noticed a red ugly thing
 13489 | D:11     | Reached skill level 11 in Unarmed Combat
 13492 | D:11     | Killed a red ugly thing
 13492 | D:11     | Reached XP level 8. HP: 36/36 MP: 9/9
 13528 | D:11     | Noticed an unseen horror
 13967 | D:11     | Reached XP level 9. HP: 22/39 MP: 10/10
 14600 | D:11     | Reached skill level 12 in Unarmed Combat
 14823 | D:13     | Noticed an efreet
 14985 | D:13     | Noticed a red ugly thing
 14997 | D:13     | Paralysed by a hornet for 2 turns
 15089 | D:13     | Killed a red ugly thing
 15245 | D:14     | Got a pitted amethyst amulet
 15250 | D:14     | Noticed a hill giant
 15257 | D:14     | Slain by a hill giant

Skill      XL: |  1  2  3  4  5  6  7  8  9 |
---------------+----------------------------+-----
Stealth        | 1 2 3 4 5 7 9 |  9.6
Unarmed Combat | 5 6 7 11 9 12 | 12.3
Dodging        | 5 7 9 |  9.2
Fighting       | 4 |  4.4
Evocations     | |  0.2

Action                   |  1- 3 |  4- 6 |  7- 9 || total
-------------------------+-------+-------+-------++-------
Melee: Unarmed           |   111 |   193 |   516 ||   820
       Bite              |     7 |    31 |    73 ||   111
       Punch             |     1 |     4 |    25 ||    30
Evoke: Wand              |       |       |     2 ||     2
  Use: Scroll            |     3 |     2 |     2 ||     7
       Potion            |       |     2 |     7 ||     9
 Stab: Sleeping          |     2 |     2 |    14 ||    18
       Distracted        |       |       |     7 ||     7
  Eat: Chunk             |     9 |       |    26 ||    35
       Pizza             |       |       |     1 ||     1
Armor: Skin              |    10 |     5 |    21 ||    36
Dodge: Dodged            |    95 |   108 |   366 ||   569
